 Dungeon Crawl Stone Soup version 0.30-a0-715-gdb4ae3ece1 (webtiles) character file.

Game seed: 5099003490770497854

18468 Dirtsage the Martial Artist (level 12, -4/97 HPs)
             Began as an Octopode Transmuter on Jan 24, 2023.
             Was an Elder of the Shining One.
             Slain by a reaper
             ... wielding a +1 scythe of protection
              (39 damage)
             ... in a Gauntlet.
             The game lasted 00:42:49 (11838 turns).

Dirtsage the Martial Artist (Octopode Transmuter)  Turns: 11838, Time: 00:42:49

Health: -4/97      AC: 13    Str:  9    XL:     12   Next: 58%
Magic:  16/21      EV: 14    Int: 21    God:    the Shining One [****..]
Gold:   1687       SH: 14    Dex: 18    Spells: 14/23 levels left

rFire   . . .      SeeInvis .      - Unarmed
rCold   + + +      Faith    .    (shield currently unavailable)
rNeg    + + .      Spirit   .    (helmet currently unavailable)
rPois   +          Reflect  +    b - amulet of reflection
rElec   .          Harm     .    p - ring of willpower
rCorr   .          Rampage  .    F - ring of protection from fire
Will    ++...      NoTele   +    r - ring of willpower
Stlth   +                        W - ring of wizardry
HPRegen 0.36/turn                K - +4 ring of protection
MPRegen 0.17/turn                L - +6 ring of dexterity
                                 (no ring)
                                 (no ring)

@: mighty, divinely shielded, ice-form, wereblooded, glowing
A: freezing attack, boosted hp, almost no armour, amphibious, 8 rings, large,
(camouflage 1), (gelatinous body 1), (nimble swimmer 1), (tentacles)
a: End Transformation, Renounce Religion, Divine Shield, Cleansing Flame


You were in a Gauntlet.
You worshipped the Shining One.
The Shining One was greatly pleased with you.
You were a creature of crystalline ice.
You visited 3 branches of the dungeon, and saw 13 of its levels.
You also visited: Sewer, Ossuary, Bailey and Gauntlet.

You collected 1687 gold pieces.

Inventory:

Missiles
 m - 2 curare-tipped darts
 y - 5 throwing nets
Magical Staves
 f - a staff of cold
 v - a staff of air
 w - a staff of poison
 B - a staff of earth
Jewellery
 b - an amulet of reflection (around neck)
 p - a ring of willpower (left front paw)
 r - a ring of willpower (on tentacle)
 F - a ring of protection from fire (right front paw)
 K - a +4 ring of protection (on tentacle)
 L - a +6 ring of dexterity (on tentacle)
 M - an amulet of faith
 W - a ring of wizardry (on tentacle)
Wands
 x - a wand of light (13)
 C - a wand of polymorph (9)
 D - a wand of digging (3)
 E - a wand of flame (19) (quivered)
Scrolls
 e - 4 scrolls of fog
 g - a scroll of fear
 h - 3 scrolls of vulnerability
 i - a scroll of butterflies {unknown}
 o - a scroll of poison
 s - 5 scrolls of immolation
 t - 4 scrolls of teleportation
 z - 2 scrolls of amnesia
 A - 3 scrolls of enchant armour
 G - 2 scrolls of silence
Potions
 a - 2 potions of lignification
 c - 2 potions of magic
 d - 2 potions of might
 j - 3 potions of cancellation {unknown}
 k - 5 potions of attraction {unknown}
 l - 4 potions of heal wounds
 n - a potion of resistance
 q - 6 potions of curing
 u - 6 potions of haste {unknown}
 H - 7 potions of flight
 I - a potion of brilliance
 J - a potion of invisibility


   Skills:
 + Level 7.3 Fighting
 + Level 7.6 Dodging
 + Level 9.8 Unarmed Combat
 + Level 6.3 Spellcasting
 + Level 3.1 Conjurations
 + Level 3.1 Hexes
 - Level 7.5 Transmutations
 - Level 7.1 Ice Magic
 + Level 7.1 Invocations
 - Level 4.0 Evocations


You had 14 spell levels left.
You knew the following spells:

 Your Spells              Type           Power      Damage    Failure   Level
a - Dazzling Flash        Conj/Hex       38%        N/A       3%          3
b - Wereblood             Tmut           38%        N/A       1%          2
c - Ice Form              Ice/Tmut       37%        N/A       1%          4

Your spell library contained the following spells:

 Spells                   Type           Power      Damage    Failure   Level
 Beastly Appendage        Tmut           76%        N/A       1%          1
 Ensorcelled Hibernation  Hex/Ice        56%        N/A       1%          2
 Spider Form              Tmut/Pois      22%        N/A       2%          3
 Apportation              Tloc           12%        N/A       4%          1
 Anguish                  Hex/Necr       6%         N/A       21%         4
 Alistair's Intoxication  Tmut/Pois      14%        N/A       22%         5
 Silence                  Hex/Air        6%         N/A       45%         5
 Agony                    Necr           6%         N/A       69%         5


Dungeon Overview and Level Annotations

Branches:
Dungeon (11/15)            Temple (1/1) D:5            Lair (1/5) D:11
    Orc (0/2) D:10          Sewer (visited)         Ossuary (visited)
 Bailey (visited)         Gauntlet (1/1)

Altars:
Ashenzari
Cheibriados
Dithmenos
Elyvilon
Fedhas
Gozag
Hepliaklqana
Kikubaaqudgha
Makhleb
Nemelex Xobeh
Okawaru
Qazlal
Ru
Sif Muna
Trog
Uskayaw
Vehumet
Wu Jian
Xom
Yredelemnul
Zin
The Shining One

Shops:
D:5 [

Annotations:
Gauntlet 12 transporters


Innate Abilities, Weirdness & Mutations

You are a creature of crystalline ice.
You have a powerful freezing melee attack.
Your maximum health is increased.
Your armour is entirely melded.
You are incapable of wielding weapons or throwing items.
You cannot wear most types of armour.
You are amphibious.
You can wear up to eight rings at the same time.
((Your skin changes colour to match your surroundings (Stealth+).))
((Your rubbery body absorbs attacks. (AC +1, EV +1)))
((You are camouflaged when in or above water. (Stealth+)))
((You have tentacles for arms and can constrict up to eight enemies at once.))


Message History

You see here an amulet of faith.
M - an amulet of faith You block the shadow imp's attack.
The reaper hits you with a +1 scythe of protection.
* * * LOW HITPOINT WARNING * * *
You block the shadow imp's attack.
There is a transporter here.
You take 5 damage, and have 28/97 hp.
You enter the transporter and appear at another place.
The shadow imp misses you.
The reaper hits you with a +1 scythe of protection!!
* * * LOW HITPOINT WARNING * * *
You take 18 damage, and have 10/97 hp.
As you read the scroll of fear, it crumbles to dust.
You assume a fearsome visage.
The shadow imp looks frightened!
The reaper looks frightened!
You feel much better.
You regained 23 hp, and now have 33/97 hp.
You feel much better.
You regained 20 hp, and now have 53/97 hp.
You can't wield anything in your present form.
You feel very mighty all of a sudden.
You feel much better.
The reaper seems to regain its courage.
You regained 20 hp, and now have 73/97 hp.
The reaper hits you with a +1 scythe of protection!!
There is a transporter landing site here.
You take 33 damage, and have 41/97 hp.
MASSIVE DAMAGE!!
You punch the reaper!
The reaper is lightly wounded.
The reaper hits you with a +1 scythe of protection!
You take 7 damage, and have 34/97 hp.
You punch the reaper! You freeze the reaper.
The reaper is moderately wounded.
You hit the reaper but do no damage.
The reaper is moderately wounded.
The reaper completely misses you.
You punch the reaper!
The reaper is heavily wounded.
The reaper hits you with a +1 scythe of protection!!!
You die...

.#..#.#....#....#.#.........#.##.
..#^#.#...#.#...#.#........3#.##.
"?.##.#..|.©![..#.#3.3.©[[33#.#..
#####.###########.###########.###
.................................
...............§§∩≈..............
#################################
#8# #8##≈§.............H≈##8# #8
### ####8.§©.©.Y2©.©.©..8#### ##
#§...............§#
###.#.#######.#.### #.#.. ..#.#
#. .. #. #.


You could see a reaper and 2 sixfirhies.

Vanquished Creatures
  5 two-headed ogres
  A cyclops (D:11)
  Maurice (D:9)
  Joseph (D:8)
  A black mamba (Lair:1)
  A cane toad (Lair:1)
  A rime drake (Lair:1)
  3 kobold demonologists
  3 komodo dragons (Lair:1)
  3 trolls
  A hornet (D:9)
  A queen bee (Gauntlet)
  4 polar bears (Lair:1)
  4 blink frogs (Lair:1)
  20 yaks
  A vampire (D:10)
  A shadow (D:9)
  4 steam dragons
  Grum (Bailey)
  2 water moccasins
  4 orc warriors
  2 sky beasts (D:7)
  An ice beast (D:6)
  2 ogres (D:5)
  6 wolves (Bailey)
  5 kobold brigands
  3 bullfrogs
  9 gnoll sergeants (Bailey)
  5 scorpions
  2 water moccasin zombies (Ossuary)
  5 wights
  20 killer bees
  A howler monkey (D:11)
  5 hounds
  A jelly (D:7)
  12 orc priests
  7 gnoll boudas (Bailey)
  3 iguanas
  13 orc wizards
  3 mummies
  Robin (D:4)
  16 gnolls
  2 river rats (Sewer)
  7 adders
  A shadow imp (D:5)
  2 white imps
  An ufetubus (D:5)
  4 adder zombies (Ossuary)
  3 worms
  A dart slug (D:1)
  51 orcs
  2 ball pythons
  11 endoplasms
  2 giant cockroaches (D:2)
  18 goblins
  6 hobgoblins
  9 jackals
  26 kobolds
  10 quokkas
  3 bats
  A frilled lizard (D:3)
  4 gnoll zombies (Ossuary)
  A goblin zombie (D:4)
  5 hobgoblin zombies (Ossuary)
  2 kobold zombies (Ossuary)
  8 orc zombies
  11 rats
376 creatures vanquished.

Vanquished Creatures (others)
  3 plants (Lair:1)
3 creatures vanquished.

Grand Total: 379 creatures vanquished

Notes
Turn   | Place    | Note
-------+----------+-------------------------------------------
     0 | D:1      | Dirtsage the Octopode Transmuter began the quest for the
                  | Orb.
     0 | D:1      | Reached XP level 1. HP: 13/13 MP: 3/3
   106 | D:1      | Found a faded altar of an unknown god.
   123 | D:1      | Reached skill level 1 in Ice Magic
   123 | D:1      | Reached XP level 2. HP: 18/18 MP: 3/5
   234 | D:1      | Reached XP level 3. HP: 23/23 MP: 4/6
   286 | D:1      | Learned a level 2 spell: Wereblood
   854 | D:2      | Found a sacrificial altar of Ru.
   936 | D:2      | Reached XP level 4. HP: 23/28 MP: 4/7
  1311 | D:3      | Found a glowing drain.
  1330 | Sewer    | Entered a sewer
  1336 | Sewer    | Learned a level 4 spell: Ice Form
  1445 | Sewer    | Noticed a kobold brigand
  1446 | Sewer    | Noticed a kobold brigand
  1471 | Sewer    | Killed a kobold brigand
  1472 | Sewer    | Reached XP level 5. HP: 33/33 MP: 3/8
  1474 | Sewer    | Killed a kobold brigand
  1475 | Sewer    | Reached XP level 6. HP: 38/38 MP: 4/9
  1542 | Sewer    | Found a white marble altar of Elyvilon.
  1546 | Sewer    | Became a worshipper of Elyvilon the Healer
  2097 | D:3      | Found a sparkling altar of Nemelex Xobeh.
  2142 | D:4      | Reached * piety under Elyvilon
  2143 | D:4      | Identified the +5 dagger "Kununur" {vamp, Int+4}
  2215 | D:4      | Reached skill level 5 in Transmutations
  2426 | D:4      | Noticed a two-headed ogre
  2467 | D:4      | Killed a two-headed ogre
  2468 | D:4      | Reached XP level 7. HP: 40/43 MP: 5/10
  2468 | D:4      | Reached XP level 8. HP: 45/48 MP: 5/11
  2489 | D:4      | Found a sand-covered staircase.
  2497 | Ossuary  | Entered an ossuary
  2897 | D:4      | Noticed Robin
  2916 | D:4      | Killed Robin
  3199 | D:5      | Entered Level 5 of the Dungeon
  3199 | D:5      | Reached ** piety under Elyvilon
  3502 | D:5      | Reached XP level 9. HP: 55/55 MP: 7/12
  3552 | D:5      | Reached skill level 4 in Unarmed Combat
  3552 | D:5      | Reached skill level 1 in Evocations
  3588 | D:5      | Found Muhekon's Antique Armour Shoppe.
  3975 | D:5      | Found a staircase to the Ecumenical Temple.
  3984 | Temple   | Entered the Ecumenical Temple
  4350 | D:6      | Reached *** piety under Elyvilon
  4423 | D:6      | Reached skill level 1 in Invocations
  4843 | D:6      | Reached skill level 5 in Unarmed Combat
  4899 | D:6      | Identified the +1 scale mail of Inevitability {rF+}
  5489 | D:7      | Reached XP level 10. HP: 50/63 MP: 10/14
  5635 | D:7      | Reached **** piety under Elyvilon
  5939 | D:8      | Noticed a two-headed ogre
  5949 | D:8      | Elyvilon protects you from harm!
  5951 | D:8      | Killed a two-headed ogre
  5952 | D:8      | Reached skill level 6 in Unarmed Combat
  6185 | D:8      | Noticed Joseph
  6348 | D:8      | Killed Joseph
  6349 | D:8      | Reached skill level 5 in Dodging
  6840 | D:9      | Noticed Maurice
  6882 | D:9      | Killed Maurice
  7242 | D:9      | Reached skill level 5 in Fighting
  7242 | D:9      | Reached skill level 7 in Unarmed Combat
  7584 | D:9      | Found a radiant altar of Vehumet.
  7586 | D:9      | Found a glowing golden altar of the Shining One.
  7660 | D:9      | Fell from the grace of Elyvilon
  7660 | D:9      | Became a worshipper of the Shining One
  7660 | D:9      | Reached * piety under the Shining One
  7660 | D:9      | Reached ** piety under the Shining One
  7980 | D:9      | Noticed a kobold demonologist
  7984 | D:9      | Noticed a two-headed ogre
  7990 | D:9      | Noticed a kobold demonologist
  7995 | D:9      | Killed a kobold demonologist
  7996 | D:9      | Reached XP level 11. HP: 72/72 MP: 12/17
  7998 | D:9      | Killed a two-headed ogre
  7999 | D:9      | Reached skill level 8 in Unarmed Combat
  8000 | D:9      | Noticed a sixfirhy
  8003 | D:9      | Identified a scroll of acquirement
  8003 | D:9      | Acquired 714 gold pieces
  8435 | D:10     | Entered Level 10 of the Dungeon
  8462 | D:10     | Reached skill level 5 in Invocations
  8719 | D:10     | Noticed a two-headed ogre
  8735 | D:10     | Killed a two-headed ogre
  8840 | D:10     | Reached skill level 5 in Spellcasting
  8946 | D:10     | Found a flagged portal.
  8974 | Bailey   | Entered a bailey
  9188 | Bailey   | Noticed Grum
  9208 | Bailey   | Killed Grum
  9212 | Bailey   | Reached *** piety under the Shining One
  9366 | Bailey   | Reached skill level 9 in Unarmed Combat
 10094 | D:10     | Found a staircase to the Orcish Mines.
 10614 | D:11     | Noticed a two-headed ogre
 10624 | D:11     | Killed a two-headed ogre
 10625 | D:11     | Reached skill level 1 in Hexes
 10708 | D:11     | Reached skill level 1 in Conjurations
 10819 | D:11     | Reached XP level 12. HP: 80/80 MP: 20/20
 10872 | D:11     | Found a staircase to the Lair.
 11080 | Lair:1   | Entered Level 1 of the Lair of Beasts
 11223 | Lair:1   | Reached **** piety under the Shining One
 11340 | Lair:1   | Learned a level 3 spell: Dazzling Flash
 11382 | Lair:1   | Found a gate leading to a gauntlet.
 11396 | Gauntlet | Entered a Gauntlet
 11396 | Gauntlet | Found a transporter.
 11414 | Gauntlet | Noticed a catoblepas
 11435 | Gauntlet | Found a transporter.
 11448 | Gauntlet | Found a transporter.
 11453 | Gauntlet | Found a transporter.
 11474 | Gauntlet | Found a transporter.
 11488 | Gauntlet | Found a transporter.
 11498 | Gauntlet | Noticed a reaper
 11500 | Gauntlet | Found a transporter.
 11512 | Gauntlet | Found a transporter.
 11520 | Gauntlet | Noticed a minotaur
 11522 | Gauntlet | Found the +8 Vampire's Tooth {megavamp}
 11524 | Gauntlet | Found a transporter.
 11533 | Gauntlet | Noticed a thrashing horror
 11535 | Gauntlet | Noticed a ghost crab
 11536 | Gauntlet | Found a transporter.
 11536 | Gauntlet | Noticed a thrashing horror
 11555 | Gauntlet | Found a transporter.
 11572 | Gauntlet | Found a transporter.
 11574 | Gauntlet | Found a transporter.
 11579 | Gauntlet | Reached ***** piety under the Shining One
 11610 | Gauntlet | Found a transporter.
 11612 | Gauntlet | Found a transporter.
 11614 | Gauntlet | Found a transporter.
 11643 | Gauntlet | Found a transporter.
 11645 | Gauntlet | Found a transporter.
 11777 | Gauntlet | Noticed an entropy weaver
 11838 | Gauntlet | Slain by a reaper

Illustrated notes

Levels and vault maps discovered:
D:1:      mrwooster_arrival_statue_3, layout_rooms,
          nicolae_ecumenical_lake_church, nicolae_titane
D:2:      layout_rooms, basic_altar, minmay_misc_feat_enclosed,
          minmay_tromino_mix6
D:3:      layout_rooms, nemelex_dance_club_becter, portal_sewer_entry_f
D:4:      layout_rooms, nicolae_ossuary_entry_giza, uniq_robin
D:5:      layout_cave_pools, temple_fountains, serial_shops,
          nicolae_shop_crystal
D:6:      layout_basic
D:7:      layout_cave_pools
D:8:      layout_rooms, dreamdust_deal_with_the_devil, uniq_joseph
D:9:      wad_crossroads, layout_rooms, mainiacjoe_overflow_catwalk_spiral,
          minmay_misc_feat_secret_circle, hangedman_abyss_or_decor_lesser_grid,
          uniq_maurice
D:10:     layout_basic, david_orc_5, enter_bailey_1
D:11:     layout_roguey, lair_entry_dummy
Temple:   hellmonk_temple_of_storms
Lair:1:   layout_small_grid, gauntlet_entry_generic, cheibrodos_lair_lostbears,
          grunt_megastairs_2
Gauntlet: gammafunk_gauntlet_one_two_three [nicolae_gauntlet_arena_grate_2,
          gammafunk_gauntlet_arena_teeth, nicolae_gauntlet_arena_flowing_pool,
          gammafunk_gauntlet_arena_split_x, nicolae_gauntlet_arena_x,
          nicolae_gauntlet_arena_t_cross, gammafunk_gauntlet_arena_open,
          gammafunk_gauntlet_arena_crates, gammafunk_gauntlet_arena_corners,
          nicolae_gauntlet_exit_dead_adventurers]

Skill      XL: |  1  2  3  4  5  6  7  8  9 10 11 12 |
---------------+-------------------------------------+-----
Ice Magic      | 1 2 3 6 7 |  7.1
Transmutations | 3 4 6 7 |  7.5
Fighting       | 2 4 5 6 7 |  7.3
Dodging        | 3 4 5 7 |  7.6
Unarmed Combat | 5 7 9 |  9.8
Evocations     | 3 4 |  4.0
Invocations    | 2 4 6 7 |  7.1
Spellcasting   | 4 5 6 |  6.3
Hexes          | 1 3 |  3.1
Conjurations   | 1 3 |  3.1

Action                     |  1- 3 |  4- 6 |  7- 9 | 10-12 || total
---------------------------+-------+-------+-------+-------++-------
  Melee: Unarmed           |    74 |   114 |   337 |   521 ||  1046
         Constrict         |    19 |    17 |     7 |     2 ||    45
         Kick              |    18 |     8 |       |       ||    26
         Tentacles         |    11 |    12 |     7 |       ||    30
         Punch             |       |     2 |       |     5 ||     7
  Throw: Dart              |       |     1 |       |     1 ||     2
   Cast: Beastly Appendage |    10 |     6 |       |       ||    16
         Wereblood         |     3 |     5 |    13 |    28 ||    49
         Ice Form          |       |     7 |    22 |    45 ||    74
 Invoke: Divine Shield     |       |       |       |     3 ||     3
  Evoke: Wand              |       |       |       |    22 ||    22
    Use: Scroll            |       |       |       |    21 ||    21
         Potion            |       |       |       |     9 ||     9
   Stab: Sleeping          |     8 |     5 |       |     1 ||    14
         Invisible         |       |       |       |     1 ||     1
 Armour: Skin              |     6 |    21 |    90 |   144 ||   261
  Dodge: Dodged            |    32 |    59 |   109 |   248 ||   448
  Block: Other             |       |    16 |    47 |   125 ||   188
         Reflection        |       |       |       |     5 ||     5

Table legend: (Time is in decaauts)
 A = Elapsed time spent in this place.
 B = Non-inter-level travel time spent in this place.
 C = Inter-level travel time spent in this place.
 D = Time resting spent in this place.
 E = Time spent auto-exploring this place.
 F = Levels seen in this place.
 G = Mean time per level.
                   A        B        C        D        E       F      G
               +--------+--------+--------+--------+--------+-----+--------+
         Total |  11712 |  11311 |    401 |    326 |   7870 |  17 |  688.9 |
       Dungeon |   9491 |   9138 |    353 |    124 |   7229 |  11 |  862.8 |
        Temple |     39 |     33 |      6 |      0 |     18 |   1 |   39.0 |
          Lair |    298 |    256 |     42 |      0 |      0 |   1 |  298.0 |
         Sewer |    248 |    248 |      0 |      0 |    149 |   1 |  248.0 |
       Ossuary |    243 |    243 |      0 |      0 |     84 |   1 |  243.0 |
        Bailey |    952 |    952 |      0 |    180 |    364 |   1 |  952.0 |
      Gauntlet |    437 |    437 |      0 |     22 |     26 |   1 |  437.0 |
               +--------+--------+--------+--------+--------+-----+--------+

Top non-repeatable levels by time:
     D:9: 1579 daAuts
    D:10: 1092 daAuts
     D:7: 964 daAuts
  Bailey: 952 daAuts
     D:6: 900 daAuts
     D:4: 852 daAuts
     D:5: 835 daAuts
     D:8: 834 daAuts
     D:2: 645 daAuts
     D:1: 642 daAuts
     D:3: 591 daAuts
    D:11: 553 daAuts
Gauntlet: 437 daAuts
  Lair:1: 298 daAuts
   Sewer: 248 daAuts
